 Dungeon Crawl Stone Soup version 0.19.1 (webtiles) character file.

2355 FortunaImperatrix the Cudgeler (level 9, -1/75 HPs)
             Began as a Minotaur Hunter on Dec 8, 2016.
             Was an Initiate of Okawaru.
             Slain by Kave's ghost (11 damage)
             ... on level 7 of the Dungeon.
             The game lasted 00:26:05 (7100 turns).

FortunaImperatrix the Cudgeler (Minotaur Hunter)    Turns: 7100, Time: 00:26:06

Health: -1/75      AC: 14    Str: 20    XL:     9   Next: 20%
Magic:  8/8        EV:  5    Int:  8    God:    Okawaru [......]
Gold:   405        SH: 10    Dex: 11    Spells: 1 memorised, 7 levels left

rFire  . . .     SeeInvis +     b - +3 whip (flame)
rCold  . . .     Gourm    .     P - +0 plate armour
rNeg   . . .     Faith    .     w - +0 shield
rPois  .         Spirit   .     (helmet restricted)
rElec  .         Reflect  .     (no cloak)
rCorr  .         Harm     .     N - +0 pair of gloves
MR     .....                    (no boots)
Stlth  ..........               (no amulet)
                                (no ring)
                                B - ring of see invisible

@: no status effects
A: retaliatory headbutt, horns 2
a: Renounce Religion


You were on level 7 of the Dungeon.
You worshipped Okawaru.
Okawaru was noncommittal.
You were not hungry.

You visited 2 branches of the dungeon, and saw 8 of its levels.

You collected 405 gold pieces.

Inventory:

Hand Weapons
 a - a +1 hand crossbow
 b - a +3 whip of flaming (weapon)
 c - a +0 mace
Missiles
 d - 32 bolts
Armour
 w - a +0 shield (worn)
 N - a +0 pair of gloves (worn)
 P - a +0 plate armour (worn)
Jewellery
 i - a cursed ring of teleportation
 B - a ring of see invisible (left hand)
 G - an uncursed amulet of magic regeneration
 J - an uncursed amulet of faith {unknown}
 M - an uncursed ring of poison resistance {unknown}
Wands
 s - a wand of iceblast (7/15)
 y - a wand of teleportation (4/9)
 D - a wand of lightning (10/15)
Scrolls
 m - a scroll of enchant weapon
 n - 3 scrolls of remove curse
 q - a scroll of fog {unknown}
 x - a scroll of amnesia {unknown}
 E - a scroll of magic mapping {unknown}
 F - a scroll of summoning {unknown}
 I - a scroll of recharging {unknown}
 L - a scroll of teleportation {unknown}
 O - a scroll of fear {unknown}
Potions
 e - a potion of haste {unknown}
 h - a potion of might {unknown}
 k - 2 potions of lignification {unknown}
 o - a potion of flight {unknown}
 r - 2 potions of brilliance {unknown}
 u - 2 potions of agility {unknown}
 A - a potion of curing
 C - a potion of mutation {unknown}
 H - a potion of experience {unknown}
 K - 2 potions of cure mutation {unknown}
Comestibles
 f - 3 bread rations
 l - 4 meat rations
 p - 4 fruits
 v - a royal jelly
 z - 2 beef jerkies


   Skills:
 + Level 6.0 Fighting
 * Level 7.8 Maces & Flails
 + Level 7.6 Crossbows
 + Level 6.2 Armour
 - Level 2.1 Dodging
 - Level 0.7 Stealth
 * Level 5.8 Shields


You had 7 spell levels left.
You knew the following spells:

 Your Spells              Type           Power        Failure   Level  Hunger
a - Confusing Touch       Hex            #.....       100%        1    ##.....


Dungeon Overview and Level Annotations

Branches:
Dungeon (7/15)             Temple (1/1) D:7

Altars:
Ashenzari
Cheibriados
Dithmenos
Elyvilon
Fedhas
Gozag
Hepliaklqana
Kikubaaqudgha
Makhleb
Nemelex Xobeh
Okawaru
Qazlal
Ru
Sif Muna
Trog
Uskayaw
Vehumet
Xom
Yredelemnul
Zin
The Shining One

Annotations:
D:7 Kave's ghost, novice TrTm


Innate Abilities, Weirdness & Mutations

You reflexively headbutt those who attack you in melee.
You have a pair of horns on your head.


Message History

Kave's ghost is moderately damaged.
Kave's ghost closely misses you.
You closely miss Kave's ghost.
Kave's ghost is moderately damaged.
Kave's ghost hits you!
You hit Kave's ghost but do no damage.
You headbutt Kave's ghost, but do no damage.
Kave's ghost is moderately damaged.
You hit Kave's ghost but do no damage.
Kave's ghost is moderately damaged.
You block Kave's ghost's attack.
You hit Kave's ghost but do no damage.
Kave's ghost is moderately damaged.
Kave's ghost hits you!
You hit Kave's ghost.
Kave's ghost is moderately damaged.
Kave's ghost hits you!!
* * * LOW HITPOINT WARNING * * *
Kave's ghost hits you!
You die...

..##..###...##..†#########
####..###...##...##
.......#..........#
.......#.......(..#
.......#..........#
.......#..........#
.......#.....(....#
.......#..........#
.......#.......W@.#
..##..###..######## .
..##..###..###..###..
......#.>............
......#...............
......#...............
.....########.####..#
.....###...##.####..##..
........................


You could see Kave's ghost.

Vanquished Creatures
  Pikel (D:4)
  A hornet (D:7)
  A hippogriff (D:3)
  Menkaure (D:6)
  Duvessa (D:5)
  An orc warrior (D:7)
  A phantom (D:4)
  A sky beast (D:6)
  A centaur (D:7)
  2 bullfrogs
  A wyvern skeleton (D:6)
  Dowan (D:5)
  A scorpion (D:3)
  8 wights (D:6)
  A centaur zombie (D:6)
  An orc priest (D:7)
  An orc wizard (D:3)
  Terence (D:3)
  2 worker ants
  2 hound zombies
  2 hound skeletons
  14 adders
  A shadow imp (D:7)
  An adder skeleton (D:6)
  3 worms
  5 dart slugs
  4 leopard geckos
  7 orcs
  6 giant cockroaches
  5 goblins
  4 hobgoblins
  8 jackals
  3 kobolds
  2 quokkas
  3 ball pythons
  13 bats
  11 frilled lizards
  A jackal zombie (D:6)
  A quokka skeleton (D:5)
  6 rats
130 creatures vanquished.

Vanquished Creatures (others)
  A slave (D:5)
  A jelly (D:5)
  An orc (D:5)
3 creatures vanquished.

Grand Total: 133 creatures vanquished

Notes
Turn   | Place    | Note
-------+----------+-------------------------------------------
     0 | D:1      | FortunaImperatrix the Minotaur Hunter began the quest for the Orb.
     0 | D:1      | Reached XP level 1. HP: 18/18 MP: 0/0
   129 | D:1      | Reached XP level 2. HP: 17/25 MP: 1/1
   174 | D:1      | Reached skill level 1 in Armour
   275 | D:1      | Reached skill level 5 in Crossbows
   283 | D:1      | Reached XP level 3. HP: 13/30 MP: 2/2
  1072 | D:2      | Reached skill level 1 in Maces & Flails
  1158 | D:2      | Reached XP level 4. HP: 30/37 MP: 3/3
  1664 | D:3      | Reached XP level 5. HP: 31/45 MP: 4/4
  1870 | D:3      | Noticed a hippogriff
  1878 | D:3      | Killed a hippogriff
  1878 | D:3      | Reached XP level 6. HP: 41/52 MP: 5/5
  2227 | D:3      | Noticed Terence
  2240 | D:3      | Killed Terence
  2761 | D:4      | Reached skill level 1 in Shields
  2761 | D:4      | Reached XP level 7. HP: 49/58 MP: 6/6
  3016 | D:4      | Learned a level 1 spell: Confusing Touch
  3319 | D:4      | Found a snail-covered altar of Cheibriados.
  3520 | D:5      | Entered Level 5 of the Dungeon
  3546 | D:5      | Noticed Pikel
  3700 | D:4      | Killed Pikel
  3700 | D:4      | Reached skill level 5 in Maces & Flails
  3700 | D:4      | Reached XP level 8. HP: 12/67 MP: 7/7
  3978 | D:5      | Reached skill level 5 in Armour
  4269 | D:5      | Noticed Duvessa
  4269 | D:5      | Noticed Dowan
  4350 | D:5      | Killed Duvessa
  4354 | D:5      | Killed Dowan
  4581 | D:6      | Reached skill level 5 in Fighting
  4676 | D:6      | Found a shimmering altar of Xom.
  4715 | D:6      | Noticed Menkaure
  4734 | D:6      | Killed Menkaure
  5090 | D:6      | Reached skill level 5 in Shields
  5905 | D:7      | Found a staircase to the Ecumenical Temple.
  5921 | Temple   | Entered the Ecumenical Temple
  6076 | Temple   | Became a worshipper of Warmaster Okawaru
  6146 | D:7      | Reached XP level 9. HP: 52/75 MP: 8/8
  6344 | D:7      | HP: 2/75 [orc warrior/halberd (14)]
  6794 | D:7      | Noticed Kave's ghost (novice TrTm)
  7100 | D:7      | Slain by Kave's ghost

Skill      XL: |  1  2  3  4  5  6  7  8  9 |
---------------+----------------------------+-----
Armour         | 1 2 3 4 6 |  6.2
Crossbows      | 5 6 7 |  7.6
Maces & Flails | 1 2 3 4 5 7 |  7.8
Fighting       | 3 4 5 6 |  6.0
Shields        | 1 3 5 |  5.8
Dodging        | |  2.1
Stealth        | |  0.7

Action                   |  1- 3 |  4- 6 |  7- 9 || total
-------------------------+-------+-------+-------++-------
Melee: Short sword       |    52 |       |       ||    52
       Headbutt          |    11 |    22 |    55 ||    88
       Mace              |    33 |    67 |    24 ||   124
       Whip              |       |    55 |   289 ||   344
 Fire: Hand crossbow     |     4 |    26 |     6 ||    36
  Use: Potion            |       |     3 |     3 ||     6
       Scroll            |       |       |     7 ||     7
 Stab: Sleeping          |     1 |       |       ||     1
  Eat: Chunk             |     1 |     5 |    10 ||    16
       Royal jelly       |       |       |     1 ||     1
       Pizza             |       |       |     1 ||     1
Armor: Leather armour    |     6 |       |       ||     6
       Ring mail         |    23 |    33 |       ||    56
       Chain mail        |       |    16 |   121 ||   137
       Plate armour      |       |       |     7 ||     7
Dodge: Dodged            |    59 |    56 |    51 ||   166
Block: Shield            |       |     5 |   113 ||   118
